 Dungeon Crawl Stone Soup version 0.27.0-1-g7a089689b8 (webtiles) character file.

Game seed: 10113285458015148206

100568 AIAndy the Eclecticist (level 16, -2/112 HPs)
             Began as a Djinni Ice Elementalist on Aug 10, 2021.
             Was an Initiate of Gozag.
             Slain by Agnes (20 damage)
             ... on level 1 of the Spider Nest on Aug 16, 2021.
             The game lasted 03:56:20 (30282 turns).

AIAndy the Eclecticist (Djinni Ice Elementalist)   Turns: 30282, Time: 03:56:22

Health: -2/112     AC: 10    Str:  8    XL:     16   Next: 80%
Gold:   7116       EV: 17    Int: 39    God:    Gozag SH: 10 Dex: 13

rFire    + + +     SeeInvis +   u - +8 falchion of Taxic {speed, Will+ Int+3}
rCold    . . .     Faith    .   K - +0 buckler
rNeg     . . .     Spirit   .   S - +2 robe {Archmagi}
rPois    ∞         Reflect  +   a - +1 helmet {SInv}
rElec    +         Harm     .   B - +0 cloak
rCorr    .         Rampage  .   Z - +2 pair of gloves
Will     +++..     Archmagi +   (boots unavailable)
Stlth    ++........             T - amulet of Gohojuwy {Reflect rElec Will+ Int+3 SH+5}
HPRegen  0.28/turn              j - ring of the Bull {rF+ rC+ Int+6 Dex-3}
MPRegen  0.00/turn              I - +6 ring of intelligence

@: freezing walls, flying, very slightly contaminated
A: sickness immunity, fire resistance 2, cold vulnerability 1, float, innate
caster, hp casting, extra vitality 1
a: Renounce Religion, Potion Petition, Call Merchant, Bribe Branch


You were on level 1 of the Spider Nest.
You worshipped Gozag.
Gozag was greatly pleased with you.
You visited 4 branches of the dungeon, and saw 23 of its levels.
You also visited: Ice Cave.

You collected 8168 gold pieces.
You spent 1052 gold pieces at shops.


Innate Abilities, Weirdness & Mutations

You are immune to sickness and miasma.
You are immune to poison.
Your flesh is very heat resistant. (rF++)
You are vulnerable to cold. (rC-)
You float through the air rather than walking.
You learn spells naturally, not from books.
Your magical power is your life essence.
You have superior vitality. (+4 HP)


   Skills:
 + Level 9.1 Fighting
 - Level 4.0 Long Blades
 + Level 10.9 Dodging
 - Level 1.5 Stealth
 - Level 4.0 Shields
 + Level 18.2 Spellcasting
 - Level 2.0 Evocations


You had 14 spell levels left.
You knew the following spells:

 Your Spells              Type           Power      Damage    Failure   Level
a - Apportation           Tloc           100%       N/A       0%          1
c - Call Canine Familiar  Summ           100%       N/A       0%          3
f - Freeze                Ice            100%       1d11      0%          1
i - Irradiate             Conj/Tmut      66%        3d36      0%          5
l - Lightning Bolt        Conj/Air       66%        1d90      0%          5
m - Ice Form              Ice/Tmut       100%       N/A       0%          4
o - Ozocubu's Armour      Ice            100%       N/A       0%          3
r - Frozen Ramparts       Ice            100%       1d12      0%          3
s - Searing Ray           Conj           100%       3d7       0%          2
X - Hailstorm             Conj/Ice       100%       3d20      0%          4
Y - Simulacrum            Ice/Necr       66%        N/A       1%          6
Your spell library was empty.

Inventory:

Hand Weapons
 u - the +8 falchion of Taxic (weapon) {speed, Will+ Int+3}
   (You found it on level 5 of the Dungeon)

   Attacks with this weapon are significantly faster.
   Int:       It affects your intelligence (+3).
   Will:      It increases your willpower.
 y - the +4 spear of Puut {vorpal, Fragile rC+ Int+4}
   (You found it on level 5 of the Dungeon)

   It inflicts extra damage upon your enemies.
   Int:       It affects your intelligence (+4).
   rC:        It protects you from cold.
   Fragile:   It will be destroyed if unequipped.
 F - a +0 hunting sling of venom
 Y - a +1 demon whip of venom
Missiles
 g - 2 throwing nets {=f}
 G - 182 sling bullets
Armour
 a - a +1 helmet of see invisible (worn)
 i - a +0 kite shield
 w - the +3 pearl dragon scales "Giwko" {rC++ rN+ Regen+ Str-4 SInv}
   (You found it on level 6 of the Lair of Beasts)

   Str:       It affects your strength (-4).
   rC:        It greatly protects you from cold.
   rN:        It protects you from negative energy.
   SInv:      It lets you see invisible.
   Regen:     It increases your rate of health regeneration.
 B - a +0 cloak (worn)
 K - a +0 buckler (worn)
 M - a +2 helmet
 S - a +2 robe of the Archmagi (worn)
 Z - a +2 pair of gloves (worn)
Jewellery
 j - the ring of the Bull (left hand) {rF+ rC+ Int+6 Dex-3}
   (You acquired it on level 5 of the Lair of Beasts)

   [ring of intelligence]

   Int:       It affects your intelligence (+6).
   Dex:       It affects your dexterity (-3).
   rF:        It protects you from fire.
   rC:        It protects you from cold.
 I - a +6 ring of intelligence (right hand)
 N - a ring of positive energy
 T - the amulet of Gohojuwy (around neck) {Reflect rElec Will+ Int+3 SH+5}
   (You bought it in a shop on level 1 of the Orcish Mines)

   [amulet of reflection]

   It reflects blocked missile attacks.
   Int:       It affects your intelligence (+3).
   rElec:     It insulates you from electricity.
   SH:        It affects your SH (+5).
   Will:      It increases your willpower.
Wands
 n - a wand of iceblast (22)
 p - a wand of mindburst (15)
 t - a wand of polymorph (11)
 D - a wand of digging (11)
 E - a wand of acid (15)
 L - a wand of flame (37)
 V - a wand of charming (7)
 X - a wand of paralysis (24)
Scrolls
 d - 4 scrolls of magic mapping
 e - a scroll of fog
 h - 4 scrolls of enchant weapon
 m - 2 scrolls of silence {!r}
 r - 3 scrolls of vulnerability
 s - a scroll of immolation
 z - a scroll of blinking
 A - 3 scrolls of fear
 H - 7 scrolls of teleportation {@r2}
 Q - 2 scrolls of enchant armour
 W - 2 scrolls of identify {@r1}
Potions
 b - 4 potions of attraction
 c - 4 potions of cancellation
 f - 3 potions of mutation
 k - 10 potions of curing {@q1}
 l - 5 potions of ambrosia
 o - 3 potions of haste {@q3}
 q - 2 potions of brilliance
 x - 11 potions of berserk rage {!q}
 C - 3 potions of lignification
 J - 4 potions of heal wounds {@q2}
 U - a potion of resistance
Miscellaneous
 v - a box of beasts
 P - a phantom mirror

Dungeon Overview and Level Annotations

Branches:
Dungeon (14/15)            Temple (0/1) D:7            Lair (6/6) D:10
  Swamp (0/4) Lair:4       Spider (1/4) Lair:4        Slime (0/5) Lair:5
    Orc (2/2) D:10            Elf (0/3) Orc:2        Vaults (0/5) D:13
  IceCv (visited)

Altars:
Gozag
Makhleb
Uskayaw
Vehumet
Zin
Beogh

Shops:
D:9 [   Orc:1 (*=!   Orc:2 ::([[*

Annotations:
Spider:1 Agnes

# #. ### # #. #.###
..##..##$^.# #
......#.$$.###..###
#...$°°○##.@i$....#
#.#.##...##..$.#.##$
$ #######..#..##.#.#
#..#.###.##..### #
##...######...#
#....#.#.##...#
####........###
#>........<..#
#.....##.#.#..#


You could see Agnes (misshapen).


Message History

Agnes shouts!
* * * LOW HITPOINT WARNING * * *
You hear an angry hiss.
The wall freezes Agnes. x2
Casting: Frozen Ramparts (safe; 0% risk of failure)
Confirm with . or Enter, or press ? or * to list all spells.
You feel a surge of power!
You erupt in a fountain of uncontrolled magic!
Agnes is blasted with magical radiation!!!
Agnes is severely wounded.
Agnes twists and deforms.
You are very lightly contaminated with residual magic.
* * * LOW HITPOINT WARNING * * *
The wall freezes Agnes.
Agnes hits you with a +2 lajatang of speed!
* * * LOW HITPOINT WARNING * * *
The wall freezes Agnes.
Agnes hits you with a +2 lajatang of speed!
* * * LOW HITPOINT WARNING * * *
Casting: Irradiate (safe; 0% risk of failure)
Confirm with . or Enter, or press ? or * to list all spells.
You don't have enough health to cast this spell.
You feel much better.
The wall freezes Agnes.
Agnes hits you with a +2 lajatang of speed.
* * * LOW HITPOINT WARNING * * *
The wall freezes Agnes.
Agnes bows.
Agnes hits you with a +2 lajatang of speed!!
You die...
Your body crumbles into a pile of gold.

Skill      XL: |  1  2  3  4  5  6  7  8  9 10 11 12 13 14 15 16 |
---------------+-------------------------------------------------+-----
Spellcasting   | 4 5 6 7 8 10 11 13 14 16 17 18 | 18.2
Long Blades    | 2 3 4 |  4.0
Dodging        | 5 6 7 8 9 10 | 10.9
Fighting       | 3 5 6 7 8 9 |  9.1
Shields        | 2 4 |  4.0
Evocations     | 2 |  2.0
Stealth        | |  1.5

Action                   |  1- 3 |  4- 6 |  7- 9 | 10-12 | 13-15 | 16-18 || total
-------------------------+-------+-------+-------+-------+-------+-------++-------
Melee: Short sword       |     1 |       |       |       |       |       ||     1
       Whip              |       |     3 |       |       |       |       ||     3
       Falchion          |       |       |     4 |    49 |    64 |       ||   117
 Cast: Freeze            |    55 |    25 |    15 |    74 |    18 |     3 ||   190
       Frozen Ramparts   |       |     4 |    14 |    45 |    56 |    11 ||   130
       Searing Ray       |       |    42 |    50 |    63 |    64 |     2 ||   221
       Ozocubu's Armour  |       |       |     9 |    13 |    14 |     7 ||    43
       Call Canine Famil |       |       |     2 |     5 |     4 |       ||    11
       Hailstorm         |       |       |     8 |    10 |    40 |    39 ||    97
       Lightning Bolt    |       |       |       |    18 |   205 |    79 ||   302
       Irradiate         |       |       |       |       |    27 |     6 ||    33
       Apportation       |       |       |       |       |     2 |       ||     2
  Use: Scroll            |       |       |     8 |    13 |     8 |     2 ||    31
       Potion            |       |       |       |       |       |     1 ||     1
 Stab: Sleeping          |     1 |       |       |       |       |       ||     1
       Distracted        |       |       |       |       |     1 |       ||     1
Armor: Robe              |     8 |     9 |     9 |    34 |    21 |     6 ||    87
Dodge: Dodged            |    31 |    16 |    29 |    85 |    71 |    12 ||   244
Block: Buckler           |       |       |       |    31 |    24 |     7 ||    62
       Reflection        |       |       |       |       |       |     5 ||     5
       Rpst.: Falchion   |       |       |    10 |    24 |    17 |     2 ||    53

Levels and vault maps discovered:
D:1:      lightli_iron_boxes, layout_rooms,
          dreamdust_ecumenical_altar_sealed_demon
D:2:      layout_loops_ring, minmay_close_crescents
D:3:      layout_loops_ring, kennysheep_cross_bottleneck,
          minmay_fractal_squares_5
D:4:      layout_loops_corners, old_standard_altar
D:5:      layout_rooms, mainiacjoe_overflow_surrounded_room, serial_rivers,
          chequers_serial_rivers_micro_d, chequers_serial_rivers_small_b,
          chequers_serial_rivers_micro_b, chequers_serial_rivers_room_b,
          minmay_lizard_king, uniq_eustachio
D:6:      layout_gridville, minmay_ruined_shrine
D:7:      layout_basic, minmay_temple_entry_tees, nrook_mini_backslash,
          uniq_pikel
D:8:      layout_loops_ring, uniq_joseph
D:9:      layout_basic, serial_shops, shop
D:10:     layout_cave_pools, erik_lair_dragon, orc_0_dummy, uniq_urug
D:11:     layout_cave_pools
D:12:     layout_basic, portal_ice_cave_rime
D:13:     minmay_octo_star, layout_long_grid, ximxim_vaults_locker_room
D:14:     layout_loops_cross, hangedman_decor_push, nicolae_two_hexagons,
          chequers_big_river, minmay_misc_feat_more_columns
Lair:1:   layout_hall_layers, chequers_serial_rivers_small_b, lemuel_fruit_tree,
          serial_bayou_shore_a
Lair:2:   layout_regular_city, serial_forest, infiniplex_forest_clump_small,
          infiniplex_forest_lined_room_2, infiniplex_forest_lined_3_way,
          infiniplex_forest_clump_small, infiniplex_forest_straight_1,
          infiniplex_forest_end_2, chequers_serial_rivers_micro_b
Lair:3:   layout_cave_pods, nzn_random_ring, serial_bayou_shore_b
Lair:4:   layout_cave_pods, skrybe_swamp_entry_bodies,
          spider_nest_entry_web_field, grunt_megastairs_2,
          infiniplex_staircase_pool_2
Lair:5:   layout_roguey [special_room_bee], nicolae_slime_entry_slimehenge
Lair:6:   grunt_lair_end_beastmaster, layout_hall_layers, special_room
          [special_room_mythical_zoo]
Spider:1: layout_spider_delve, nicolae_spider_nook, uniq_agnes
Orc:1:    layout_caves, serial_shops, shop, shop, nicolae_shop_waterfront, shop,
          basic_altar, kennysheep_orc_chapel, uniq_snorg, uniq_erica
Orc:2:    st_orc_ogre_mass, layout_caves, serial_shops, nicolae_shop_stone,
          basic_altar, nicolae_shop_gadgets

Notes
Turn   | Place    | Note
-------+----------+-------------------------------------------
     0 | D:1      | AIAndy the Djinni Ice Elementalist began the quest for the
                  | Orb.
     0 | D:1      | Reached XP level 1. HP: 15/15 MP: 0/0
    24 | D:1      | Reached XP level 2. HP: 10/21 MP: 0/0
   367 | D:1      | Found a faded altar of an unknown god.
   367 | D:1      | Noticed a cacodemon
   413 | D:1      | Became a worshipper of Gozag Ym Sagoz the Greedy
   607 | D:1      | Reached XP level 3. HP: 24/25 MP: 0/0
   607 | D:1      | Learned a level 1 spell: Apportation
   734 | D:1      | Reached skill level 4 in Spellcasting
  1443 | D:2      | Reached XP level 4. HP: 30/31 MP: 0/0
  1972 | D:2      | Reached XP level 5. HP: 32/35 MP: 0/0
  1972 | D:2      | Learned a level 2 spell: Searing Ray
  2053 | D:2      | Noticed a black bear
  2139 | D:2      | Killed a black bear
  2140 | D:2      | Reached skill level 5 in Spellcasting
  2141 | D:2      | Reached XP level 6. HP: 12/40 MP: 0/0
  4073 | D:3      | Reached skill level 6 in Spellcasting
  4254 | D:4      | Reached XP level 7. HP: 42/45 MP: 0/0
  4254 | D:4      | Learned a level 3 spell: Call Canine Familiar
  4484 | D:4      | Found a hide-covered altar of Uskayaw.
  4986 | D:4      | Identified the -3 helmet of the Trout {rN+}
  5270 | D:5      | Entered Level 5 of the Dungeon
  5272 | D:5      | Identified the +8 falchion of Taxic {speed, Will+ Int+3}
  5893 | D:5      | Reached skill level 7 in Spellcasting
  5893 | D:5      | Reached XP level 8. HP: 41/50 MP: 0/0
  6070 | D:5      | Identified the +4 spear of Puut {vorpal, Fragile rC+ Int+4}
  6389 | D:5      | Noticed Eustachio
  6732 | D:6      | Reached skill level 1 in Long Blades
  6796 | D:6      | Reached skill level 3 in Dodging
  6844 | D:6      | Reached skill level 2 in Long Blades
  7124 | D:6      | Reached skill level 4 in Dodging
  7232 | D:6      | Noticed a cyclops
  7424 | D:6      | Found a burning altar of Makhleb.
  7535 | D:6      | Reached skill level 5 in Dodging
  7535 | D:6      | Reached skill level 8 in Spellcasting
  7535 | D:6      | Reached XP level 9. HP: 50/55 MP: 0/0
  7535 | D:6      | Learned a level 4 spell: Ice Form
  8143 | D:7      | Noticed Pikel
  8152 | D:7      | Killed Pikel
  8153 | D:7      | Reached skill level 9 in Spellcasting
  8275 | D:7      | Found a staircase to the Ecumenical Temple.
  8401 | D:7      | Identified the +10 hand axe of Broken Luck {protect, *Slow
                  | rElec Dex+7}
  8772 | D:7      | Noticed a cyclops
  8775 | D:7      | Killed a cyclops
  8776 | D:7      | Reached skill level 10 in Spellcasting
  8776 | D:7      | Reached XP level 10. HP: 41/60 MP: 0/0
  9224 | D:8      | Reached skill level 1 in Fighting
  9531 | D:8      | Noticed Joseph
  9541 | D:8      | Killed Joseph
  9542 | D:8      | Reached skill level 2 in Fighting
  9542 | D:8      | Reached skill level 3 in Long Blades
  9679 | D:8      | Reached skill level 6 in Dodging
  9692 | D:8      | Reached skill level 3 in Fighting
 10411 | D:9      | Found Queli's Antique Armour Emporium.
 10474 | D:9      | Noticed a two-headed ogre
 10506 | D:9      | Noticed a kobold demonologist
 10513 | D:9      | Killed a kobold demonologist
 10514 | D:9      | Reached skill level 1 in Shields
 10828 | D:10     | Entered Level 10 of the Dungeon
 11142 | D:10     | Reached skill level 2 in Shields
 11142 | D:10     | Reached XP level 11. HP: 69/72 MP: 0/0
 11142 | D:10     | Learned a level 5 spell: Lightning Bolt
 11196 | D:10     | Reached skill level 4 in Fighting
 11484 | D:10     | Noticed Urug
 11490 | D:10     | Killed Urug
 11491 | D:10     | Reached skill level 7 in Dodging
 11491 | D:10     | Reached skill level 3 in Shields
 11498 | D:10     | Reached skill level 4 in Shields
 11498 | D:10     | Reached skill level 11 in Spellcasting
 11761 | D:10     | Reached skill level 5 in Fighting
 12154 | D:10     | Found a staircase to the Lair.
 12274 | D:10     | Found a staircase to the Orcish Mines.
 12486 | D:5      | Killed Eustachio
 12657 | D:5      | Found a glowing silver altar of Zin.
 12906 | Lair:1   | Entered Level 1 of the Lair of Beasts
 13206 | Lair:1   | Identified the +1 robe "Forget-Me-Not" {Str+2 Dex+2}
 13611 | Lair:2   | Reached skill level 1 in Evocations
 13659 | Lair:2   | Reached skill level 2 in Evocations
 14248 | Lair:2   | Identified the +1 leather armour of Spite {rPois Will++
                  | Int+2 Dex-4}
 14316 | Lair:2   | Reached skill level 4 in Long Blades
 14316 | Lair:2   | Reached XP level 12. HP: 66/81 MP: 0/0
 14471 | Lair:2   | Reached skill level 8 in Dodging
 15080 | Lair:2   | Reached skill level 6 in Fighting
 15590 | Lair:2   | Identified the +5 scale mail of Objectivity {rN+ Will+
                  | Int+2}
 15821 | Lair:3   | Reached skill level 12 in Spellcasting
 16864 | Lair:3   | Noticed a six-headed hydra
 16868 | Lair:3   | Killed a six-headed hydra
 17263 | Lair:3   | Reached skill level 13 in Spellcasting
 17538 | Lair:3   | Reached XP level 13. HP: 63/87 MP: 0/0
 17538 | Lair:3   | Learned a level 5 spell: Irradiate
 17961 | Lair:4   | Reached skill level 14 in Spellcasting
 18054 | Lair:4   | Found a hole to the Spider Nest.
 18154 | Lair:4   | Found a staircase to the Swamp.
 18693 | Lair:3   | Noticed an eight-headed hydra
 18710 | Lair:3   | Killed an eight-headed hydra
 18851 | Lair:5   | Found a staircase to the Slime Pits.
 19200 | Lair:5   | Noticed a six-headed hydra
 19203 | Lair:5   | Killed a six-headed hydra
 19411 | Lair:5   | Identified a scroll of acquirement
 19412 | Lair:5   | Acquired the ring of the Bull {rF+ rC+ Int+6 Dex-3}
 19417 | Lair:5   | Noticed a four-headed hydra
 19422 | Lair:5   | Killed a four-headed hydra
 19531 | Lair:5   | Reached skill level 7 in Fighting
 19533 | Lair:5   | Reached skill level 9 in Dodging
 19537 | Lair:5   | Reached XP level 14. HP: 74/96 MP: 0/0
 19868 | Lair:6   | Entered Level 6 of the Lair of Beasts
 20072 | Lair:6   | Identified the +3 pearl dragon scales "Giwko" {rC++ rN+
                  | Regen+ Str-4 SInv}
 20317 | Lair:6   | Reached skill level 8 in Fighting
 20511 | Lair:6   | Reached skill level 15 in Spellcasting
 20527 | Lair:6   | Reached skill level 10 in Dodging
 21833 | Orc:1    | Entered Level 1 of the Orcish Mines
 21839 | Orc:1    | Noticed Snorg
 21840 | Orc:1    | Noticed an orc warlord
 21843 | Orc:1    | Killed Snorg
 21847 | Orc:1    | Killed an orc warlord
 21848 | Orc:1    | Reached skill level 16 in Spellcasting
 21848 | Orc:1    | Reached XP level 15. HP: 47/103 MP: 0/0
 21848 | Orc:1    | Learned a level 6 spell: Simulacrum
 21964 | Orc:1    | Found Pinyqase's Assorted Antiques.
 21966 | Orc:1    | Found Juemn's Antique Weapon Emporium.
 22025 | Orc:1    | Identified a +2 robe of the Archmagi
 22183 | Orc:1    | Found Zorust's Distillery.
 22183 | Orc:1    | Noticed Erica
 22188 | Orc:1    | Killed Erica
 22289 | Orc:1    | Found Plog's Jewellery Shop.
 22474 | Orc:2    | Entered Level 2 of the Orcish Mines
 22565 | Orc:2    | Found Gungaqan's Book Boutique.
 22767 | Orc:2    | Paralysed by an ogre mage for 7 turns
 22775 | Orc:2    | Reached skill level 17 in Spellcasting
 22892 | Orc:2    | Found Ivuoreg's Antique Weapon Boutique.
 22892 | Orc:2    | Found Nutsixev's Book Shoppe.
 22896 | Orc:2    | Found Tahiwaw's Armour Emporium.
 22896 | Orc:2    | Found Itsi's Antique Armour Boutique.
 22908 | Orc:2    | Bought a runed helmet for 270 gold pieces
 22949 | Orc:2    | Found Norystrue's Gadget Gallery.
 23065 | Orc:2    | Found a staircase to the Elven Halls.
 23297 | Orc:1    | Bought the amulet of Gohojuwy {Reflect rElec Will+ Int+3
                  | SH+5} for 782 gold pieces
 23636 | D:11     | Identified a potion of resistance
 24129 | D:12     | Found a frozen archway.
 24143 | IceCv    | Entered an ice cave
 25133 | IceCv    | Identified the ring of Moyrghueg {Fly Str+6}
 25165 | IceCv    | Identified a +0 leather armour of resistance
 25588 | D:12     | Reached XP level 16. HP: 87/109 MP: 0/0
 26760 | D:13     | Found a gate to the Vaults.
 27427 | D:13     | Reached skill level 18 in Spellcasting
 29999 | Spider:1 | Entered Level 1 of the Spider Nest
 30007 | Spider:1 | Reached skill level 9 in Fighting
 30279 | Spider:1 | Noticed Agnes
 30281 | Spider:1 | HP: 4/112 [Agnes (16)]
 30282 | Spider:1 | Slain by Agnes

Vanquished Creatures
  An orc warlord (Orc:1)
  Snorg (Orc:1)
  A fire dragon (D:13)
  5 vault guards (D:13)
  A great orb of eyes (D:13)
  A rakshasa (D:13)
  4 ogre magi (Orc:2)
  A boulder beetle (D:13)
  10 hydras
  3 catoblepae
  A death knight (D:13)
  Erica (Orc:1)
  3 tengu warriors
  4 centaur warriors
  A deep troll shaman (Lair:6)
  3 death yaks (Lair:6)
  17 two-headed ogres
  Urug (D:10)
  An orc high priest (Orc:1)
  A lindwurm (Lair:6)
  A flayed ghost (D:13)
  A bog body (Lair:4)
  Pikel (D:7)
  A wizard (D:13)
  2 orb spiders (Spider:1)
  2 deep elf pyromancers
  6 ugly things
  An orc sorcerer (Orc:1)
  4 cyclopes
  3 manticores
  A salamander (shapeshifter) (D:13)
  Joseph (D:8)
  5 black mambas
  2 centaur zombies
  10 elephants
  3 ice statues (IceCv)
  A torpor snail (Spider:1)
  16 cane toads
  2 unseen horrors
  A gargoyle (D:14)
  A tengu conjurer (D:13)
  A kobold demonologist (D:9)
  7 rime drakes
  A demonic crawler (Spider:1)
  A yaktaur (D:13)
  10 komodo dragons
  An entropy weaver simulacrum (IceCv)
  A merfolk (shapeshifter) (D:13)
  A queen bee (Lair:5)
  4 trolls
  5 jumping spiders (Spider:1)
  3 meliai (Lair:5)
  2 polar bears
  3 slime creatures (D:12)
  11 blink frogs
  11 dream sheep
  7 redbacks (Spider:1)
  3 shadows
  2 tarantellas (Spider:1)
  8 wyverns
  7 humans (D:13)
  3 water elementals (D:14)
  Eustachio (D:5)
  42 yaks
  7 wraiths
  2 death yak simulacra (IceCv)
  12 basilisks
  A warg (Orc:1)
  A harpy simulacrum (IceCv)
  2 acid dragons
  2 hell hounds (Lair:6)
  9 water moccasins
  12 orc warriors
  A swamp drake (D:10)
  2 ice beasts
  2 black bears
  28 ogres
  3 centaurs
  16 wolves
  A lemure (D:7)
  2 phantoms (D:6)
  12 bullfrogs
  2 gnoll sergeants
  A cane toad simulacrum (IceCv)
  A wyvern zombie (D:6)
  A water moccasin zombie (D:5)
  21 killer bees (Lair:5)
  2 water moccasin skeletons
  An elephant simulacrum (IceCv)
  3 howler monkeys (D:12)
  2 electric eels (D:14)
  A bullfrog zombie (D:7)
  2 jellies (Lair:5)
  A bullfrog skeleton (D:6)
  11 orc priests
  A centaur skeleton (D:3)
  3 gnoll shamans
  4 hounds
  3 iguanas
  11 orc wizards
  8 hell rats (Lair:6)
  2 wolf simulacra (IceCv)
  19 gnolls
  9 adders
  A white imp (D:5)
  2 ufetubi (D:6)
  3 adder skeletons
  A worm (D:2)
  3 dart slugs
  39 orcs
  7 ball pythons
  14 endoplasms
  4 giant cockroaches
  5 goblins
  11 hobgoblins
  14 jackals
  9 kobolds
  2 quokkas (D:1)
  8 bats
  10 frilled lizards
  6 rats
624 creatures vanquished.

Vanquished Creatures (collateral kills)
  2 cane toads
  A vampire (D:10)
  A wyvern (D:10)
  A wolf (Lair:3)
  A hell rat (Lair:6)
6 creatures vanquished.

Vanquished Creatures (others)
  A bush (Lair:2)
  32 fungi
  91 plants
124 creatures vanquished.

Grand Total: 754 creatures vanquished

Table legend: (Time is in decaauts)
 A = Elapsed time spent in this place.
 B = Non-inter-level travel time spent in this place.
 C = Inter-level travel time spent in this place.
 D = Time resting spent in this place.
 E = Time spent auto-exploring this place.
 F = Levels seen in this place.
 G = Mean time per level.
                   A        B        C        D        E       F      G
               +--------+--------+--------+--------+--------+-----+--------+
         Total |  30284 |  28377 |   1907 |   8292 |  15571 |  24 | 1261.8 |
       Dungeon |  18989 |  17640 |   1349 |   5246 |  10081 |  14 | 1356.4 |
          Lair |   8512 |   8112 |    400 |   1814 |   4696 |   6 | 1418.7 |
   Spider Nest |    284 |    284 |      0 |    201 |     27 |   1 |  284.0 |
  Orcish Mines |   1455 |   1298 |    157 |    190 |    689 |   2 |  727.5 |
      Ice Cave |   1043 |   1043 |      0 |    841 |     78 |   1 | 1043.0 |
               +--------+--------+--------+--------+--------+-----+--------+

Top non-repeatable levels by time:
    D:13: 2369 daAuts
  Lair:3: 2134 daAuts
  Lair:2: 1767 daAuts
    D:10: 1741 daAuts
     D:3: 1633 daAuts
     D:2: 1522 daAuts
  Lair:6: 1386 daAuts
     D:7: 1357 daAuts
     D:6: 1349 daAuts
     D:4: 1327 daAuts
     D:5: 1305 daAuts
    D:14: 1201 daAuts
  Lair:5: 1110 daAuts
     D:8: 1107 daAuts
    D:12: 1105 daAuts

Table legend:
 A = Non-vault XP
 B = Vault XP
 C = Vault XP percentage of total XP
 D = Non-vault monster count
 E = Vault monster count
 F = Vault count percentage of total count
                 A         B        C        D         E       F
            +---------+---------+-------+---------+---------+-------
      Total |   72948 |   70721 |  49.2 |     406 |     223 |  35.5
            +---------+---------+-------+---------+---------+-------
        D:1 |      48 |       0 |   0.0 |      24 |       0 |   0.0
        D:2 |     204 |      19 |   8.5 |      25 |       5 |  16.7
        D:3 |     216 |      30 |  12.2 |      25 |       8 |  24.2
        D:4 |      79 |       0 |   0.0 |      13 |       0 |   0.0
        D:5 |     631 |     248 |  28.2 |      13 |      11 |  45.8
        D:6 |    1028 |     619 |  37.6 |      10 |       9 |  47.4
        D:7 |    1398 |     629 |  31.0 |      17 |       1 |   5.6
        D:8 |    1629 |     486 |  23.0 |      11 |       1 |   8.3
        D:9 |    1698 |       0 |   0.0 |       6 |       0 |   0.0
       D:10 |    2343 |    2039 |  46.5 |      26 |       6 |  18.8
       D:11 |    3132 |       0 |   0.0 |       7 |       0 |   0.0
       D:12 |    4433 |     717 |  13.9 |      17 |       2 |  10.5
       D:13 |    6273 |   15392 |  71.0 |      11 |      25 |  69.4
       D:14 |    7866 |       0 |   0.0 |      15 |       0 |   0.0
     Lair:1 |      88 |       0 |   0.0 |       1 |       0 |   0.0
     Lair:2 |    6160 |       0 |   0.0 |      25 |       0 |   0.0
     Lair:3 |    6306 |    4540 |  41.9 |      27 |      13 |  32.5
     Lair:4 |    3568 |    4025 |  53.0 |      14 |       8 |  36.4
     Lair:5 |    6643 |    2602 |  28.1 |      20 |      32 |  61.5
     Lair:6 |    8240 |   13965 |  62.9 |      26 |      42 |  61.8
   Spider:1 |    5424 |       0 |   0.0 |      18 |       0 |   0.0
      Orc:1 |    4510 |    3108 |  40.8 |      42 |       9 |  17.6
      Orc:2 |    1031 |   18775 |  94.8 |      13 |      38 |  74.5
      IceCv |       0 |    3527 | 100.0 |       0 |      13 | 100.0
            +---------+---------+-------+---------+---------+-------
